 Dungeon Crawl Stone Soup version 0.21-a0-279-g6037ffb (webtiles) character file.

13 HAL9000 the Ruffian (level 2, 13/23 HPs)
             Began as a Draconian Transmuter on Sept 13, 2017.
             Quit the game on level 1 of the Dungeon on Sept 23, 2017.
             The game lasted 00:03:11 (447 turns).

HAL9000 the Ruffian (Draconian Transmuter)           Turns: 447, Time: 00:03:12

Health: 13/23      AC:  4    Str: 12    XL:     2   Next: 24%
Magic:  5/5        EV: 12    Int: 13    God:
Gold:   30         SH:  0    Dex: 11    Spells: 2/5 levels left

rFire    . . .     SeeInvis .     - Unarmed
rCold    . . .     Gourm    .   (no shield)
rNeg     . . .     Faith    .   (armour unavailable)
rPois    .         Spirit   .   (helmet restricted)
rElec    .         Reflect  .   (no cloak)
rCorr    .         Harm     .   (no gloves)
MR       .....                  (boots currently unavailable)
Stlth    +.........             (no amulet)
HPRegen  0.07/turn              (no ring)
MPRegen  0.09/turn              (no ring)

@: appendage (expiring)
A: unfitting armour, talons 3, cold-blooded, AC +4
a: End Transformation


You were on level 1 of the Dungeon.
You were not hungry.
You had grown temporary talons.
You visited 1 branch of the dungeon, and saw 1 of its levels.

You collected 30 gold pieces.

Inventory:

Missiles
 a - 12 arrows
Scrolls
 d - a scroll of identify {unknown}
 e - a scroll of recharging {unknown}
Potions
 f - a potion of lignification {unknown}
Books
 b - a book of Changes

   Spells                             Type                      Level
   a - Beastly Appendage              Transmutation                1
   b - Sticks to Snakes               Transmutation                2
   c - Spider Form                    Transmutation/Poison         3
   d - Ice Form                       Ice/Transmutation            4
   e - Blade Hands                    Transmutation                5
Comestibles
 c - a bread ration


   Skills:
 - Level 1.1 Fighting
 - Level 1.7 Dodging
 + Level 3.4 Unarmed Combat
 - Level 2.0 Spellcasting
 + Level 2.4 Transmutations


You had 2 spell levels left.
You knew the following spells:

 Your Spells              Type           Power        Failure   Level  Hunger
a - Beastly Appendage     Tmut           #.....       10%         1    ##.....
b - Sticks to Snakes      Tmut           #.......     14%         2    ###....


Dungeon Overview and Level Annotations

Branches:
Dungeon (1/15)

Altars:


Innate Abilities, Weirdness & Mutations

Your plain brown scales are hard. (AC +4)
You cannot fit into any form of body armour.
You are cold-blooded and may be slowed by cold attacks.
You have claws for feet.


Message History

Your transformation is almost over.
Your horns disappear.
A goblin comes into view. It is wielding a dagger.
Found 14 gold pieces.
A goblin is nearby!
A goblin is nearby!
You miss the goblin. The goblin hits you with a dagger.
You hit the goblin.
You kill the goblin!
Casting: Beastly Appendage
Confirm with . or Enter, or press ? or * to list all spells.
Your feet morph into talons.
Unknown command.
You start resting.
Your transformation is almost over.
You start resting.
Magic restored.
Welcome back, HAL9000 the Draconian Transmuter.
Press ? for a list of commands and other information.
Are you sure you want to abandon this character and quit the game? (Confirm with "yes".)

#.....##### ##'......#
##)#)## #........
#.#.##### #...##...
#.#.....# #..####..
#.....#.# #..####..
#####.#.# #...##...
#.#.# ####........
#.#.######....$##.......
#.#....@...# ######..
#.######)### ######..
#.. .# ##....... ### .#
#........ .# #...##...
.# #..####.. .#
#..####.. .# #...##...
#........


There were no monsters in sight!

Vanquished Creatures
  3 bats (D:1)
  3 giant cockroaches (D:1)
  2 goblins (D:1)
  2 hobgoblins (D:1)
  A kobold (D:1)
11 creatures vanquished.

Notes
Turn   | Place    | Note
-------+----------+-------------------------------------------
     0 | D:1      | HAL9000 the Draconian Transmuter began the quest for the Orb.
     0 | D:1      | Reached XP level 1. HP: 16/16 MP: 3/3
   196 | D:1      | Reached XP level 2. HP: 9/23 MP: 3/5
   421 | D:1      | Learned a level 2 spell: Sticks to Snakes
   447 | D:1      | Upgraded the game from 0.21-a0-270-g8204059 to 0.21-a0-279-g6037ffb
   447 | D:1      | Quit the game

Vault maps used:
D:1:      minmay_arrival_four_loops, minmay_domino_2

Action                   || total
-------------------------++-------
Melee: Unarmed           ||    43
       Kick              ||     3
       Tailslap          ||     2
 Cast: Beastly Appendage ||     5
Armor: Skin              ||    20
Dodge: Dodged            ||    28

Table legend:
 A = Spawn XP
 B = Non-spawn XP
 C = Spawn XP percentage of total XP
 D = Spawn monster count
 E = Non-spawn monster count
 F = Spawn count percentage of total count
 G = Total turns spent on level
                    A         B        C        D         E        F      G
               +---------+---------+-------+---------+---------+-------+---------
         Total |       0 |      19 |   0.0 |       0 |      11 |   0.0 |   447
               +---------+---------+-------+---------+---------+-------+---------
           D:1 |       0 |      19 |   0.0 |       0 |      11 |   0.0 |   447
               +---------+---------+-------+---------+---------+-------+---------
